 Dungeon Crawl Stone Soup version 0.30-a0-218-gedb9141078 (webtiles) character file.

Game seed: 2437859981268451585

9561 themarg the Geomancer (level 11, -2/63 HPs)
             Began as a Gargoyle Earth Elementalist on Oct 5, 2022.
             Was a Priest of Nemelex Xobeh.
             Slain by a black mamba (6 damage)
             ... on level 2 of the Lair of Beasts.
             The game lasted 01:01:53 (13871 turns).

themarg the Geomancer (GrEE)                       Turns: 13871, Time: 01:01:55

Health: -2/63      AC: 14    Str: 15    XL:     11   Next: 48%
Magic:  12/24      EV: 13    Int: 20    God:    Nemelex Xobeh [***...]
Gold:   1162       SH:  0    Dex: 13    Spells: 15/28 levels left

rFire   . . .      SeeInvis .    a - +2 dagger of Temperance {flame, Will+ Str+3 Dex+3}
rCold   . . .      Faith    .    (no shield)
rNeg    + + .      Spirit   .    L - +0 robe
rPois   ∞          Reflect  .    (no helmet)
rElec   +          Harm     .    m - +0 cloak
rCorr   .          Rampage  .    u - +0 pair of gloves
Will    +....                    E - +1 pair of boots
Stlth   ++........               (no amulet)
HPRegen 0.30/turn                D - ring of positive energy
MPRegen 0.19/turn                (no ring)

@: no status effects
A: sickness immunity, AC +8, negative energy resistance 1, electricity
resistance, torment resistance 1, petrification resistance
a: Renounce Religion, Draw Escape, Draw Destruction, Draw Summoning, Triple Draw


You were on level 2 of the Lair of Beasts.
You worshipped Nemelex Xobeh.
Nemelex Xobeh was most pleased with you.
You visited 2 branches of the dungeon, and saw 11 of its levels.

You collected 1184 gold pieces.
You spent 22 gold pieces at shops.

Inventory:

Hand Weapons
 a - the +2 dagger of Temperance (weapon) {flame, Will+ Str+3 Dex+3}
   (You found it on level 9 of the Dungeon)

   It burns those it strikes, dealing additional fire damage.
   Str:       It affects your strength (+3).
   Dex:       It affects your dexterity (+3).
   Will:      It increases your willpower.
 b - a +0 sling
 n - a +5 dagger of speed
Missiles
 r - 23 poisoned darts
 K - a curare-tipped dart
Armour
 m - a +0 cloak (worn)
 u - a +0 pair of gloves (worn)
 E - a +1 pair of boots (worn)
 L - a +0 robe (worn)
Jewellery
 D - a ring of positive energy (left hand)
 O - an amulet of faith
Wands
 f - a wand of charming (8)
 y - a wand of polymorph (14)
 F - a wand of flame (21)
 N - a wand of roots (5)
Scrolls
 d - 3 scrolls of noise
 g - 5 scrolls of teleportation
 h - a scroll of enchant armour {unknown}
 j - 6 scrolls of butterflies
 l - a scroll of amnesia {unknown}
 p - a scroll of blinking {unknown}
 x - 2 scrolls of vulnerability
 A - a scroll of immolation {unknown}
 B - a scroll of enchant weapon {unknown}
 C - 4 scrolls of summoning
 I - a scroll of brand weapon {unknown}
 M - a scroll of poison {unknown}
Potions
 c - a potion of magic
 e - 10 potions of degeneration
 i - 5 potions of flight
 k - 3 potions of mutation
 o - 5 potions of invisibility
 q - 4 potions of curing
 s - 2 potions of might
 t - 3 potions of lignification
 v - a potion of heal wounds {unknown}
 w - 3 potions of haste
 z - 2 potions of berserk rage {unknown}
 G - a potion of cancellation {unknown}
 H - a potion of attraction {unknown}
 J - 3 potions of ambrosia {unknown}


   Skills:
 - Level 5.0 Fighting
 - Level 5.0 Ranged Weapons
 - Level 5.0 Dodging
 - Level 2.5 Stealth
 * Level 9.1 Spellcasting
 + Level 2.8 Conjurations
 - Level 2.0 Transmutations
 + Level 13.3 Earth Magic
 - Level 2.0 Evocations


You had 15 spell levels left.
You knew the following spells:

 Your Spells              Type           Power      Damage    Failure   Level
a - Sandblast             Erth           100%       2d20      1%          1
b - Stone Arrow           Conj/Erth      82%        3d12      1%          3
c - Lee's Rapid Deconstr  Erth           29%        3d16*     1%          5
d - Petrify               Tmut/Erth      39%        N/A       3%          4

Your spell library contained the following spells:

 Spells                   Type           Power      Damage    Failure   Level
 Passwall                 Tmut/Erth      32%        N/A       1%          2
 Freeze                   Ice            36%        1d6       8%          1
 Ensorcelled Hibernation  Hex/Ice        18%        N/A       12%         2
 Dazzling Flash           Conj/Hex       28%        N/A       13%         3
 Kindle Blastsparks       Fire/Tloc/Air  18%        2d11      22%         3
 Fulminant Prism          Conj/Hex       7%         3d7       38%         4
 Iskenderun's Mystic Bla  Conj/Tloc      14%        2d5       38%         4
 Iskenderun's Battlesphe  Conj           20%        2d7       54%         5
 Animate Dead             Necr           9%         N/A       58%         4
 Summon Ice Beast         Ice/Summ       9%         N/A       58%         4
 Irradiate                Conj/Tmut      9%         3d14      61%         5
 Fireball                 Conj/Fire      7%         3d5       75%         5
 Agony                    Necr           9%         N/A       91%         5
 Metabolic Englaciation   Hex/Ice        4%         N/A       91%         5
 Silence                  Hex/Air        4%         N/A       91%         5
 Summon Mana Viper        Hex/Summ       9%         N/A       91%         5
 Conjure Ball Lightning   Conj/Air       7%         3x3d6     100%        6
 Haunt                    Necr/Summ      4%         N/A       100%        7
 Monstrous Menagerie      Summ           4%         N/A       100%        7
 Orb of Destruction       Conj           10%        9d6       100%        7
 Infestation              Necr           4%         N/A       100%        8
 Sublimation of Blood     Necr           Unusable   N/A       N/A         2

Dungeon Overview and Level Annotations

Branches:
Dungeon (9/15)             Temple (0/1) D:7            Lair (2/5) D:8
    Orc (0/2) D:9
  Swamp: Lair:2-3    Shoals: Lair:2-3     Snake: Lair:2-3    Spider: Lair:2-3

Altars:
Ashenzari
Dithmenos
Elyvilon
Gozag
Hepliaklqana
Kikubaaqudgha
Makhleb
Nemelex Xobeh
Trog
Yredelemnul
Zin

Shops:
D:3 *   D:8 (

Annotations:
D:4 exclusion: ogre
D:5 exclusion: door


Innate Abilities, Weirdness & Mutations

You are immune to sickness and miasma.
Your stone body is resilient. (AC +8)
You are immune to poison.
You resist negative energy. (rN+)
You are resistant to electric shocks. (rElec)
You are resistant to unholy torment.
You are immune to petrification.


Message History

You draw a card...
You have drawn the Orb.
Press: ? - help, Shift-Dir - straight line, f/p - black mamba
Aim: a black mamba (moderately wounded)
The black mamba bites you but does no damage.
Your orb of destruction hits a rock wall.
The blink frog hits the fungus.
The fungus begins to die.
The blink frog blinks!
Your orb of destruction hits a rock wall.
The black mamba bites you but does no damage.
You draw a card...
You have drawn the Elixir.
You begin rapidly regenerating health and magic.
The deck of cards glows with a rainbow of weird colours and disappears.
The black mamba bites you.
Your orb of destruction hits a rock wall.
The black mamba bites you!
Casting: Stone Arrow (safe; 1% risk of failure)
Confirm with . or Enter, or press ? or * to list all spells.
Aiming: Sandblast (safe; 1% risk of failure)
Press: ? - help, Shift-Dir - straight line, f/p - black mamba
Aim: a black mamba (moderately wounded, 76% to hit)
The blast of sand hits the black mamba!
The black mamba is severely wounded.
The black mamba closely misses you. The black mamba bites you!
The black mamba barely misses you. The blink frog barely misses you.
Casting: Sandblast (safe; 1% risk of failure)
Confirm with . or Enter, or press ? or * to list all spells.
Aiming: Sandblast (safe; 1% risk of failure)
Press: ? - help, Shift-Dir - straight line, f/p - black mamba
Aim: a black mamba (severely wounded, 76% to hit)
The blast of sand misses the black mamba.
A nearby fungus withers and dies.
The black mamba bites you but does no damage.
The blink frog hits you.
* * * LOW HITPOINT WARNING * * *
The blink frog blinks!
The black mamba bites you!
* * * LOW HITPOINT WARNING * * *
The black mamba bites you.
You die...
Your body glows slightly and disappears.

~≈F~~≈~~...## ###P....#
~~~~~~~~....######.P.....#
#...........°........$...#
.........................#
............F°...........#
P.......##†..°...........#
#$.....####..............##
....... #.S§>....)#.#...#
#..+#.. ##.@......###...#
#S ... #.#.##...P##...# #
+..#. #..####...##..##
#.... ##.## #..####†#
.#$... #P.# ##..# ##.##
....P. #P.## #P).# #...#
....#.####...# #..###..P#
.##....P..#.### #.......##
..............###.......#


You could see a black mamba and a blink frog.

Vanquished Creatures
  A black mamba (Lair:2)
  5 cane toads
  Maggie (D:8)
  2 komodo dragons (Lair:1)
  A troll (D:9)
  2 blink frogs (Lair:2)
  2 wyverns
  4 yaks
  3 steam dragons
  3 water moccasins
  Duvessa (D:7)
  3 orc warriors
  An ice beast (D:5)
  A sky beast (D:6)
  3 black bears
  A swamp drake (D:9)
  2 centaurs
  8 wolves (Lair:1)
  2 ogres
  2 phantoms
  3 kobold brigands
  7 bullfrogs
  4 scorpions
  3 necrophages (D:5)
  4 wights
  Dowan (D:7)
  14 killer bees
  3 electric eels (D:7)
  2 howler monkeys
  4 orc priests
  A jelly (D:7)
  4 hounds
  4 iguanas (D:5)
  5 orc wizards
  5 gnolls
  6 adders
  3 shadow imps
  A white imp (D:8)
  2 ufetubi
  A worm (D:2)
  A dart slug (D:1)
  41 orcs
  2 endoplasms
  2 giant cockroaches (D:1)
  4 goblins
  6 hobgoblins
  4 jackals (D:1)
  15 kobolds
  4 quokkas
  6 ball pythons
  7 frilled lizards
  5 rats
222 creatures vanquished.

Vanquished Creatures (others)
  25 fungi
  49 plants
74 creatures vanquished.

Grand Total: 296 creatures vanquished

Notes
Turn   | Place    | Note
-------+----------+-------------------------------------------
     0 | D:1      | themarg the Gargoyle Earth Elementalist began the quest for
                  | the Orb.
     0 | D:1      | Reached XP level 1. HP: 10/10 MP: 3/3
   124 | D:1      | Reached skill level 1 in Transmutations
   160 | D:1      | Reached XP level 2. HP: 15/15 MP: 5/5
   326 | D:1      | Reached skill level 4 in Earth Magic
   330 | D:1      | Reached XP level 3. HP: 17/19 MP: 0/6
  1130 | D:2      | Reached XP level 4. HP: 24/24 MP: 5/8
  1938 | D:3      | Found Buymez's General Store.
  1957 | D:3      | Bought a scroll of identify for 22 gold pieces
  2297 | D:4      | Noticed an ogre
  2494 | D:4      | Found a basalt altar of Yredelemnul.
  2639 | D:4      | Reached skill level 5 in Earth Magic
  2639 | D:4      | Reached XP level 5. HP: 28/28 MP: 7/9
  2750 | D:4      | Noticed a phantom
  2756 | D:4      | Killed a phantom
  2757 | D:4      | Reached skill level 1 in Fighting
  3289 | D:5      | Entered Level 5 of the Dungeon
  3289 | D:5      | Noticed a kobold brigand
  3360 | D:5      | Reached XP level 6. HP: 35/35 MP: 9/11
  3401 | D:5      | Reached skill level 6 in Earth Magic
  3420 | D:5      | Got the Tome of the Snowflakes
  3456 | D:5      | Reached XP level 7. HP: 41/41 MP: 2/13
  3571 | D:4      | Reached skill level 7 in Earth Magic
  3760 | D:5      | Learned a level 3 spell: Stone Arrow
  3769 | D:5      | Reached skill level 1 in Evocations
  4264 | D:5      | Reached XP level 8. HP: 46/46 MP: 1/15
  4521 | D:5      | Reached skill level 5 in Spellcasting
  4521 | D:5      | Reached skill level 8 in Earth Magic
  4905 | D:6      | Reached skill level 1 in Conjurations
  4905 | D:6      | Reached skill level 9 in Earth Magic
  5121 | D:6      | Found a sparkling altar of Nemelex Xobeh.
  5137 | D:6      | Became a worshipper of Nemelex Xobeh the Trickster
  5857 | D:7      | Noticed a wyvern
  5876 | D:7      | Noticed Duvessa
  5886 | D:7      | Killed Duvessa
  6040 | D:7      | Noticed Dowan
  6063 | D:7      | Killed Dowan
  6064 | D:7      | Reached XP level 9. HP: 50/50 MP: 12/18
  6116 | D:7      | Reached skill level 10 in Earth Magic
  6194 | D:7      | Learned a level 5 spell: Lee's Rapid Deconstruction
  6292 | D:7      | Learned a level 4 spell: Petrify
  7053 | D:7      | Reached * piety under Nemelex Xobeh
  7335 | D:7      | Reached skill level 11 in Earth Magic
  7550 | D:7      | Found a staircase to the Ecumenical Temple.
  8499 | D:8      | Found a broken altar of Ashenzari.
  8579 | D:8      | Reached skill level 5 in Fighting
  8579 | D:8      | Reached XP level 10. HP: 59/59 MP: 5/20
  8729 | D:8      | Noticed Maggie
  8994 | D:8      | Reached skill level 12 in Earth Magic
  8995 | D:8      | Received a gift from Nemelex Xobeh
  9107 | D:8      | Found a staircase to the Lair.
  9178 | D:8      | Found a white marble altar of Elyvilon.
  9331 | D:8      | Found Ecoxuur's Firing Range.
  9488 | D:8      | Killed Maggie
  9489 | D:8      | Reached skill level 1 in Ranged Weapons
  9859 | D:9      | Found a bloodstained altar of Trog.
  9864 | D:9      | Found a glowing silver altar of Zin.
  9917 | D:9      | Reached ** piety under Nemelex Xobeh
 10189 | D:9      | Reached skill level 5 in Dodging
 10375 | D:9      | Found a burning altar of Makhleb.
 10381 | D:9      | Identified the +2 dagger of Temperance {flame, Will+ Str+3
                  | Dex+3}
 10679 | D:9      | Found an opulent altar of Gozag.
 10819 | D:9      | Found a hazy altar of Hepliaklqana.
 10822 | D:9      | Found a shadowy altar of Dithmenos.
 10823 | D:9      | Found an ancient bone altar of Kikubaaqudgha.
 11060 | D:9      | Found a staircase to the Orcish Mines.
 11737 | Lair:1   | Entered Level 1 of the Lair of Beasts
 11824 | Lair:1   | Reached skill level 5 in Ranged Weapons
 11852 | Lair:1   | Noticed a cane toad
 11856 | Lair:1   | Killed a cane toad
 12054 | Lair:1   | Noticed a cane toad
 12057 | Lair:1   | Killed a cane toad
 12058 | Lair:1   | Reached XP level 11. HP: 63/63 MP: 6/22
 12553 | Lair:1   | Reached *** piety under Nemelex Xobeh
 12768 | Lair:1   | Reached skill level 13 in Earth Magic
 13157 | Lair:1   | Received a gift from Nemelex Xobeh
 13871 | Lair:2   | Slain by a black mamba

Illustrated notes

Levels and vault maps discovered:
D:1:      mrwooster_arrival_statue, layout_loops_ring
D:2:      layout_basic, serial_forest, infiniplex_forest_clump_diagonal,
          infiniplex_forest_lined_3, infiniplex_forest_end_3,
          infiniplex_forest_corner_2, infiniplex_forest_corner_2,
          infiniplex_forest_clump_small
D:3:      layout_rooms, serial_shops,
          nicolae_shop_temple_entry_statues_fountains
D:4:      layout_loops_corners, mainiacjoe_overflow_alcove_4, patterned_corridor
D:5:      minmay_bubble_buster, layout_gridville
D:6:      layout_loops_ring, nemelex_xobeh_ov_fountains_minmay, kennysheep_dice
D:7:      cheibrodos_steamvent, layout_basic, minmay_temple_entry_nine_rooms,
          serial_bayou, serial_bayou_pond_b, serial_bayou_shore_a,
          serial_bayou_lagoon_b, serial_bayou_pond_c, uniq_duvessa
D:8:      layout_basic, elyvilon_altar_3, cheibrodos_ashenzari_chains,
          grunt_lair_entry_orc_guard_hut, nicolae_shop_firing_range, uniq_maggie
D:9:      layout_roguey, minitemple, kennysheep_mini, amcnicky_altar_gilded,
          jmf_multi_god_temple, erik_orc_1, minmay_crystal_room,
          minmay_variable_closet
Lair:1:   layout_cave_pods
Lair:2:   layout_chaotic_city, minmay_shoals_entry_hut

Skill      XL: |  1  2  3  4  5  6  7  8  9 10 11 |
---------------+----------------------------------+-----
Transmutations | 1 2 |  2.0
Earth Magic    | 4 5 6 7 9 11 12 13 | 13.3
Spellcasting   | 3 4 6 7 9 |  9.1
Fighting       | 1 3 5 |  5.0
Evocations     | 2 |  2.0
Conjurations   | 2 |  2.8
Dodging        | 3 5 |  5.0
Ranged Weapons | 5 |  5.0
Stealth        | |  2.5

Action                   |  1- 3 |  4- 6 |  7- 9 | 10-12 || total
-------------------------+-------+-------+-------+-------++-------
Melee: Dagger            |       |       |       |    10 ||    10
 Fire: Sling             |    50 |    44 |   130 |    76 ||   300
 Cast: Sandblast         |    27 |    61 |    35 |    19 ||   142
       Stone Arrow       |       |       |    59 |    40 ||    99
       Lee's Rapid Decon |       |       |    31 |    57 ||    88
       Petrify           |       |       |    10 |     4 ||    14
Invok: Draw Destruction  |       |       |       |     3 ||     3
       Draw Escape       |       |       |       |     1 ||     1
Evoke: Wand              |       |       |     9 |       ||     9
  Use: Scroll            |       |     3 |     3 |     8 ||    14
       Potion            |       |       |     1 |     1 ||     2
Armor: Robe              |     1 |    18 |    71 |    30 ||   120
Dodge: Dodged            |    14 |    24 |    78 |    49 ||   165

Table legend: (Time is in decaauts)
 A = Elapsed time spent in this place.
 B = Non-inter-level travel time spent in this place.
 C = Inter-level travel time spent in this place.
 D = Time resting spent in this place.
 E = Time spent auto-exploring this place.
 F = Levels seen in this place.
 G = Mean time per level.
                   A        B        C        D        E       F      G
               +--------+--------+--------+--------+--------+-----+--------+
         Total |  14113 |  13515 |    598 |   3723 |   7596 |  11 | 1283.0 |
       Dungeon |  11969 |  11457 |    512 |   2814 |   6838 |   9 | 1329.9 |
          Lair |   2143 |   2057 |     86 |    909 |    758 |   2 | 1071.5 |
               +--------+--------+--------+--------+--------+-----+--------+

Top non-repeatable levels by time:
     D:7: 2384 daAuts
     D:9: 1809 daAuts
  Lair:1: 1807 daAuts
     D:8: 1760 daAuts
     D:4: 1501 daAuts
     D:5: 1279 daAuts
     D:6: 1099 daAuts
     D:1: 870 daAuts
     D:2: 668 daAuts
     D:3: 595 daAuts
  Lair:2: 336 daAuts
